 Dungeon Crawl Stone Soup version 0.31-a0-988-g08d55dae12 (webtiles) character file.

Game seed: 13071042909487181477

3398 scarywalker64 the Conjurer (level 9, -1/68 (73) HPs)
             Began as a Demigod Conjurer on Nov 4, 2023.
             Slain by a wight
             ... wielding a +0 war axe
              (5 damage)
             ... on level 8 of the Dungeon.
             The game lasted 00:17:16 (10312 turns).

scarywalker64 the Conjurer (Demigod Conjurer)      Turns: 10312, Time: 00:17:16

HP:   -1/68 (73)    AC: 13    Str: 12    XL:     9   Next: 47%
MP:   5/23          EV: 11    Int: 28    God:
Gold: 378           SH:  0    Dex: 12    Spells: 11/22 levels left

rFire   + . .        q - +1 rapier (speed)
rCold   . . .        (no shield)
rNeg    . . .        y - +2 ring mail {rF+}
rPois   .            w - +2 helmet
rElec   .            (no cloak)
rCorr   .            p - +0 pair of gloves
SInv    .            h - +0 pair of boots
Will    .....        (no amulet)
Stlth   +            (no ring)
HPRegen 0.31/turn    (no ring)
MPRegen 0.18/turn

%: no passive effects
@: drained
A: high MP 1, forlorn, divine attributes
a: no special abilities


You were on level 8 of the Dungeon.
You visited 2 branches of the dungeon, and saw 9 of its levels.

You collected 378 gold pieces.

Inventory:

Hand Weapons
 q - a +1 rapier of speed (weapon)
 r - a +3 sling
 A - a +2 heavy broad axe
 B - a +0 triple crossbow
Armour
 h - a +0 pair of boots (worn)
 i - a +0 kite shield
 p - a +0 pair of gloves (worn)
 w - a +2 helmet (worn)
 y - a +2 ring mail of fire resistance (worn)
Wands
 d - a wand of quicksilver (43)
 u - a wand of digging (7)
 C - a wand of charming (21)
 E - a wand of flame (28)
Scrolls
 a - 3 scrolls of teleportation {unknown}
 e - a scroll of acquirement {unknown}
 j - 2 scrolls of amnesia {unknown}
 k - 2 scrolls of blinking {unknown}
 m - a scroll of enchant weapon {unknown}
 o - 2 scrolls of poison {unknown}
 s - a scroll of noise {unknown}
 v - a scroll of immolation
 x - a scroll of fear {unknown}
 D - 2 scrolls of silence {unknown}
 G - a scroll of revelation {unknown}
Potions
 b - 2 potions of magic
 c - 2 potions of ambrosia
 f - 2 potions of attraction
 g - 2 potions of enlightenment
 l - 3 potions of curing
 n - 2 potions of haste
 t - 2 potions of resistance
 z - 3 potions of heal wounds {unknown}
 F - 3 potions of mutation {unknown}


   Skills:
 * Level 4.8 Fighting
 + Level 1.9 Short Blades
 + Level 3.7 Armour
 + Level 3.3 Dodging
 - Level 2.0 Stealth
 * Level 7.2 Spellcasting
 * Level 7.8 Conjurations
 + Level 0.2 Translocations


You had 11 spell levels left.
You knew the following spells:

 Your Spells              Type           Power      Damage    Failure   Level
a - Magic Dart            Conj           100%       1d8       1%          1
b - Searing Ray           Conj           100%       2d8       1%          2
c - Iskenderun's Mystic   Conj/Tloc      32%        2d8       22%         4
d - Fulminant Prism       Conj/Hex       16%        3d10      22%         4

Your spell library contained the following spells:

 Spells                   Type           Power      Damage    Failure   Level
 Dazzling Flash           Conj/Hex       64%        N/A       7%          3
 Cigotuvi's Dreadful Rot  Necr/Pois/Air  20%        N/A       17%         2
 Ignite Poison            Fire/Tmut/Pois 10%        N/A       34%         3
 Freezing Cloud           Conj/Ice/Air   12%        6-21      71%         5


Dungeon Overview and Level Annotations

Branches:
Dungeon (8/15)             Temple (1/1) D:4
   Lair: D:8-11


Innate Abilities, Weirdness & Mutations

You have an increased reservoir of magic. (+10% MP)
You shall have no god before yourself.
Your divine heritage dramatically boosts your attributes as you level up.


Message History

Your fulminant prism crackles loudly.
Unknown command.
Unknown command.
Casting: Iskenderun's Mystic Blast (dangerous; 22% risk of failure)
Confirm with . or Enter, or press ? or * to list all spells.
You don't have enough magic to cast this spell.
Unknown command.
Unknown command.
Unknown command.
Unknown command.
Unknown command.
You hit the centaur.
The centaur is heavily wounded.
The wight misses you. The centaur closely misses you. The centaur kicks you.
You hit the centaur but do no damage.
The centaur is heavily wounded.
Your fulminant prism explodes!
The blast of energy engulfs the centaur!!
You kill the centaur!
The wight hits you but does no damage.
You hear a shout! x2
Your Dodging skill increases to level 3!
The wight hits you with a +0 war axe.
* * * LOW HITPOINT WARNING * * *
You feel drained.
Items here: $ ) [ †.
The wight attacks as it pursues you! The wight misses you.
The wight hits you but does no damage.
Your magical contamination has completely faded away.
You puncture the demonic plant!
The demonic plant begins to die.
You punch the demonic plant, but do no damage.
The demonic plant is lightly damaged.
The wight hits you with a +0 war axe.
* * * LOW HITPOINT WARNING * * *
You feel drained.
* * * LOW HITPOINT WARNING * * *
The wight attacks as it pursues you! The wight hits you with a +0 war axe!
* * * LOW HITPOINT WARNING * * *
You feel drained.
You die...

...#.....##.......#
..............)...#
..............##.##
.............#####
................z...##
...............z..P.P#
...............z.P≈§P#
.%..............z.≈≈.#
.. ............#@P.PP#
.# ........#...##...##
.##.....##..##..##.<.#
............ #...#...#
.....##..... ......###
#......P..........##
#..#........#.....
...#..PP....##.#..
............#.....


You could see 4 wights.

Vanquished Creatures
  Sigmund (D:5)
  An acid dragon (D:8)
  2 water moccasins
  An orc warrior (D:6)
  An ice beast (D:8)
  2 sky beasts
  A black bear (D:5)
  2 centaurs
  3 phantoms
  2 kobold brigands
  4 bullfrogs
  3 gnoll sergeants
  3 scorpions
  A wight (D:7)
  6 killer bees
  2 quasits (D:8)
  A gnoll bouda (D:7)
  3 sleepcaps
  2 hounds
  Jessica (D:3)
  3 iguanas
  3 orc wizards
  Terence (D:2)
  28 gnolls
  13 adders
  3 shadow imps
  2 worms
  3 dart slugs
  23 orcs
  11 endoplasms
  3 giant cockroaches
  14 goblins
  12 hobgoblins
  4 jackals
  4 quokkas
  10 ball pythons
  12 bats
  3 frilled lizards (D:1)
  24 kobolds
  3 rats
221 creatures vanquished.

Vanquished Creatures (others)
  A kobold (D:4)
  A fulminant prism (D:8)
2 creatures vanquished.

Grand Total: 223 creatures vanquished

Notes
Turn   | Place    | Note
-------+----------+-------------------------------------------
     0 | D:1      | scarywalker64 the Demigod Conjurer began the quest for the
                  | Orb.
     0 | D:1      | Reached XP level 1. HP: 14/14 MP: 5/5
   409 | D:1      | Reached XP level 2. HP: 22/22 MP: 4/7
   412 | D:1      | Learned a level 2 spell: Searing Ray
  1271 | D:2      | Reached XP level 3. HP: 27/27 MP: 4/8
  1460 | D:2      | Noticed Terence
  1480 | D:2      | Killed Terence
  1481 | D:2      | Reached skill level 1 in Fighting
  1827 | D:2      | Reached XP level 4. HP: 35/35 MP: 7/10
  2096 | D:3      | Noticed Jessica
  2097 | D:3      | Killed Jessica
  2771 | D:3      | Reached XP level 5. HP: 40/40 MP: 7/12
  3292 | D:3      | Learned a level 4 spell: Iskenderun's Mystic Blast
  3563 | D:4      | Reached XP level 6. HP: 48/48 MP: 8/14
  3609 | D:4      | Reached skill level 1 in Armour
  3632 | D:4      | Reached skill level 5 in Conjurations
  4294 | D:4      | Learned a level 4 spell: Fulminant Prism
  4517 | D:4      | Found a staircase to the Ecumenical Temple.
  4526 | Temple   | Entered the Ecumenical Temple
  5038 | D:4      | Reached XP level 7. HP: 53/56 MP: 7/16
  5245 | D:5      | Entered Level 5 of the Dungeon
  5390 | D:5      | Noticed Sigmund
  6018 | D:5      | Reached skill level 5 in Spellcasting
  6955 | D:5      | Killed Sigmund
  6956 | D:5      | Reached XP level 8. HP: 53/63 MP: 13/19
  8559 | D:6      | HP: 3/66 [poisoned by a water moccasin]
  8784 | D:6      | Reached skill level 1 in Short Blades
  8990 | D:7      | Reached XP level 9. HP: 72/72 MP: 7/22
 10312 | D:8      | Slain by a wight

Illustrated notes

Levels and vault maps discovered:
D:1:      shiori_arrival_maze, layout_basic,
          dreamdust_ecumenical_altar_hidden_monk_grotto, minmay_pentomino_v4
D:2:      layout_rooms, minmay_misc_feat_four_crosses, hangedman_feature_mirror,
          uniq_terence
D:3:      layout_loops_ring, nemelex_dance_club_becter,
          kennysheep_decorative_pillar, uniq_jessica
D:4:      corexii_shantytown, layout_gridville, lemuel_temple_firewalk_b,
          minmay_between
D:5:      layout_basic, uniq_sigmund
D:6:      layout_gridville, gammafunk_temple_overflow_claw,
          mainiacjoe_overflow_swirl, kennysheep_generic_room_6
D:7:      layout_cave_pools, kennysheep_little_box
D:8:      layout_cave_pools, serial_demonic, serial_demonic_c, serial_demonic_b,
          serial_demonic_d, serial_demonic_g, serial_demonic_g,
          serial_demonic_e, nicolae_lava_and_water
Temple:   minmay_freezing_vapour_temple

Skill      XL: |  1  2  3  4  5  6  7  8  9 |
---------------+----------------------------+-----
Conjurations   | 4 5 6 7 |  7.8
Spellcasting   | 2 3 4 5 6 7 |  7.2
Fighting       | 1 2 3 4 |  4.8
Stealth        | 2 |  2.0
Dodging        | 2 3 |  3.3
Armour         | 1 2 3 |  3.7
Short Blades   | 1 |  1.9
Translocations | |  0.2

Action                     |  1- 3 |  4- 6 |  7- 9 || total
---------------------------+-------+-------+-------++-------
  Melee: Unarmed           |     1 |       |       ||     1
         Short sword       |     9 |       |       ||     9
         Rapier            |       |    25 |    36 ||    61
         Punch             |       |       |     1 ||     1
   Cast: Magic Dart        |    80 |   151 |   208 ||   439
         Searing Ray       |     3 |    16 |    46 ||    65
         Iskenderun's Myst |       |       |     5 ||     5
         Fulminant Prism   |       |       |     1 ||     1
    Use: Scroll            |       |       |     7 ||     7
 Armour: Skin              |     6 |       |       ||     6
         Leather armour    |    10 |    52 |       ||    62
         Ring mail         |       |       |   178 ||   178
  Dodge: Dodged            |    18 |    42 |   158 ||   218

Table legend: (Time is in decaauts)
 A = Elapsed time spent in this place.
 B = Non-inter-level travel time spent in this place.
 C = Inter-level travel time spent in this place.
 D = Time resting spent in this place.
 E = Time spent auto-exploring this place.
 F = Levels seen in this place.
 G = Mean time per level.
                   A        B        C        D        E       F      G
               +--------+--------+--------+--------+--------+-----+--------+
         Total |  10313 |   9552 |    761 |    805 |   7148 |   9 | 1145.9 |
       Dungeon |  10311 |   9550 |    761 |    805 |   7148 |   8 | 1288.9 |
        Temple |      1 |      1 |      0 |      0 |      0 |   1 |    1.0 |
               +--------+--------+--------+--------+--------+-----+--------+

Top non-repeatable levels by time:
     D:4: 2298 daAuts
     D:6: 1999 daAuts
     D:5: 1390 daAuts
     D:3: 1298 daAuts
     D:1: 1242 daAuts
     D:7: 903 daAuts
     D:2: 800 daAuts
     D:8: 378 daAuts
  Temple: 1 daAuts
